cohdb
Replays
Latest Replays
All Replays
Popular Replays
Top Player Replays
Match Explorer
How It Works
Community
CoH3 Stats
Reddit
Sign in to upload your games and track your stats! →
Sign in with Steam
Match 43121590
Unlisted
Match 43121590
Overview
Messages
Build Orders
End
Construct Infanterie Kompanie
Grenadier Squad
GrW 34 Mortar Team
Grenadier Squad
Grenadier Squad
Construct Luftwaffe Kompanie
Flak 30 Anti-aircraft Gun Team
Jäger Squad
Support Elements
Selects Italian Coastal Battlegroup
Selects Support Bunkers
Selects Coastal Reserves
Selects Rapid Fortifications
Wirbelwind Flakpanzer
Rapid Fortifications
MG 42 Bunker
Pioneer Squad
Marder III M Tank Destroyer
Rapid Fortifications
MG 42 Bunker
Marder III M Tank Destroyer
Marder III M Tank Destroyer
Selects Artillery Officer
Side Skirts
Pioneer Squad
Luftwaffe Officer Quarters
iceman
Mr. AAAAAAYYYle
KR_UNRNS
stunta
✪ Yeonwoo.bit
HolyMolyEmpire
0
0
Comments
sign in to comment!
No comments posted yet!